 Dungeon Crawl Stone Soup version 0.29-a0-780-g652cadfb38 (webtiles) character file.

Game seed: 12103157850063415051

18520 Bnni the Skirmisher (level 12, -1/100 HPs)
             Began as a Demonspawn Fighter on July 2, 2022.
             Was an Elder of Okawaru.
             Constricted to death by Jorgrun (9 damage)
             ... on level 12 of the Dungeon.
             The game lasted 00:35:44 (12829 turns).

Bnni the Skirmisher (Demonspawn Fighter)           Turns: 12829, Time: 00:35:45

Health: -1/100     AC: 20    Str: 17    XL:     12   Next: 28%
Magic:  0/18       EV: 11    Int: 10    God:    Okawaru [****..]
Gold:   510        SH:  7    Dex: 23    Spells: 11/11 levels left

rFire   . . .      SeeInvis .   S - +3 hand crossbow
rCold   . . .      Faith    .   c - +0 buckler
rNeg    . . .      Spirit   +   B - +1 acid dragon scales
rPois   .          Reflect  .   M - +1 hat {Stlth+}
rElec   .          Harm     .   H - +0 cloak
rCorr   +          Rampage  .   U - +0 pair of gloves
Will    .....                   u - +0 pair of boots
Stlth   ++++......              x - amulet of guardian spirit
HPRegen 0.26/turn               K - +6 ring of dexterity
MPRegen 0.16/turn               (no ring)

@: mighty, heroic, grasped by roots, sanguine armoured, constricted
A: antennae 2, powered by pain 2, sanguine armour 1
a: Renounce Religion, Heroism, Finesse


You were on level 12 of the Dungeon.
You worshipped Okawaru.
Okawaru was greatly pleased with you.
You visited 2 branches of the dungeon, and saw 13 of its levels.

You collected 922 gold pieces.
You spent 412 gold pieces at shops.

Inventory:

Hand Weapons
 j - a +1 short sword of venom
 o - the +9 dagger of the Cursing Fox {vorpal, *Corrode rElec Str+2 SInv}
   (You found it on level 2 of the Dungeon)

   It inflicts extra damage upon your enemies.
   Str:       It affects your strength (+2).
   rElec:     It insulates you from electricity.
   SInv:      It lets you see invisible.
   *Corrode:  It may corrode you when you take damage.
 N - a +3 scimitar of flaming
 S - a +3 hand crossbow (weapon)
Missiles
 b - a curare-tipped dart
 I - a throwing net
Armour
 c - a +0 buckler (worn)
 t - a +0 tower shield
 u - a +0 pair of boots (worn)
 B - +1 acid dragon scales (worn)
 D - the +15 crystal plate armour of Bitterness {rPois}
   (Okawaru gifted it to you on level 11 of the Dungeon)

   rPois:     It protects you from poison.
 H - a +0 cloak (worn)
 M - a +1 hat of stealth (worn)
 U - a +0 pair of gloves (worn)
Jewellery
 x - an amulet of guardian spirit (around neck)
 K - a +6 ring of dexterity (left hand)
 P - a ring of ice
Wands
 i - a wand of polymorph (7)
 p - a wand of light (4)
 y - a wand of flame (41)
 J - a wand of mindburst (28)
Scrolls
 e - a scroll of fog {unknown}
 f - 2 scrolls of fear
 k - 3 scrolls of amnesia
 l - 5 scrolls of teleportation
 m - a scroll of acquirement {unknown}
 v - 3 scrolls of enchant weapon
 w - 3 scrolls of vulnerability
 C - 4 scrolls of enchant armour
 E - a scroll of brand weapon
 F - a scroll of immolation
 G - 3 scrolls of magic mapping
 O - a scroll of torment
 R - a scroll of poison
 T - a scroll of silence {unknown}
Potions
 a - 3 potions of flight
 d - 5 potions of might
 g - 4 potions of curing
 h - 4 potions of mutation
 n - 2 potions of attraction
 r - a potion of resistance {unknown}
 s - 3 potions of lignification
 z - a potion of berserk rage
 A - a potion of cancellation
 Q - a potion of brilliance


   Skills:
 + Level 11.5(16.5) Fighting
 - Level 3.2(8.2) Long Blades
 * Level 13.8(18.8) Ranged Weapons
 - Level 2.6(7.6) Armour
 - Level 4.0(9.0) Shields
 + Level 9.0 Invocations


You had 11 spell levels left.
You didn't know any spells.
Your spell library contained the following spells:

 Spells                   Type           Power      Damage    Failure   Level
 Freeze                   Ice            0%         1d3       52%         1
 Magic Dart               Conj           0%         1d3       52%         1
 Necrotize                Necr           0%         1d4       52%         1
 Searing Ray              Conj           0%         2d4       67%         2
 Sublimation of Blood     Necr           0%         N/A       67%         2
 Wereblood                Tmut           0%         N/A       67%         2
 Corpse Rot               Necr/Pois/Air  0%         N/A       99%         4
 Fulminant Prism          Conj/Hex       0%         3d6       99%         4
 Hailstorm                Conj/Ice       0%         3d3       99%         4
 Ice Form                 Ice/Tmut       0%         N/A       99%         4
 Iskenderun's Battlesphe  Conj           0%         2d6       100%        5
 Iron Shot                Conj/Erth      0%         9d1       100%        6
 Ozocubu's Refrigeration  Ice            0%         4d5       100%        7
 Simulacrum               Ice/Necr       Unusable   N/A       N/A         6
 Spellforged Servitor     Conj/Summ      Unusable   N/A       N/A         7
 Summon Hydra             Summ           Unusable   N/A       N/A         7

Dungeon Overview and Level Annotations

Branches:
Dungeon (12/15)            Temple (1/1) D:5            Lair (0/6) D:9
    Orc (0/2) D:10

Altars:
Ashenzari
Cheibriados
Dithmenos
Fedhas
Gozag
Hepliaklqana
Kikubaaqudgha
Makhleb
Nemelex Xobeh
Okawaru
Qazlal
Ru
Sif Muna
Trog
Uskayaw
Vehumet
Wu Jian
Xom
Yredelemnul

Shops:
D:8 ?=?**   D:9 :

Annotations:
D:5 2 runed translucent doors
D:12 Jorgrun


Innate Abilities, Weirdness & Mutations

You have a pair of antennae on your head.
You sometimes gain power by taking damage.
When seriously injured, your blood forms armour. (AC +6)


Message History

You assume a fearsome visage.
Jorgrun resists with some effort.
The yak looks frightened! x3; The grasping roots constrict you!
Fire: S) +3 hand crossbow
Press: ? - help, Q - select action, (/) - cycle Shift-Dir - straight line, f/p - yak
Aim: a yak (heavily wounded, fleeing)
You shoot a bolt. The bolt hits the yak.
Your attack snaps the yak out of its fear.
The yak is severely wounded.
Jorgrun hits you but does no damage. The grasping roots constrict you.
* * * LOW HITPOINT WARNING * * *
You block Jorgrun's attack. The grasping roots constrict you!
* * * LOW HITPOINT WARNING * * *
You feel better. Jorgrun hits you with a staff of earth.
* * * LOW HITPOINT WARNING * * *
Jorgrun shatters you!
* * * LOW HITPOINT WARNING * * *
The grasping roots constrict you.
Unknown command.
You gain the combat prowess of a mighty hero.
You can no longer enter into single combat with a foe.
Okawaru will no longer gift you equipment.
Jorgrun casts a spell next to you.
The wall shatters!
The blast of rock fragments hits you but does no damage.
The grasping roots constrict you.
* * * LOW HITPOINT WARNING * * *
Okay, then.
Throw: 2 throwing nets
Press: ? - help, Shift-Dir - straight line, f - Jorgrun, p - yak
Aim: Jorgrun, wielding a staff of earth and wearing a +2 robe of willpower (moderately wounded, 60% to hit)
You throw a throwing net. The throwing net hits Jorgrun.
Jorgrun is caught in the net!
Jorgrun is moderately wounded.
Fire: S) +3 hand crossbow
Press: ? - help, Q - select action, (/) - cycle Shift-Dir - straight line, f/p - Jorgrun
Aim: Jorgrun, wielding a staff of earth and wearing a +2 robe of willpower (moderately wounded, entangled in a net)
You shoot a bolt. The bolt hits Jorgrun!
Jorgrun is moderately wounded.
The grasping roots constrict you!
You die...

###...# ########Y##
######+## #.........###
#........ #..........Y#
#........
#.........#.####........
#..............#........
#..............+.##.##..
#.........######.#.###..
#######@g## ###P..###
#.#.# ###.# ... #
###.### ...## #P^P^.#
.#.## #.P.P.# .#..
#^._..# .# #. #P.^.P# ##
#. #P.P^P# #######


You could see Jorgrun (caught) and 2 yaks.

Vanquished Creatures
  Gastronok (D:8)
  Azrael (D:12)
  Erolcha (D:10)
  Erica (D:8)
  A two-headed ogre (D:5)
  Maurice (D:8)
  Maggie (D:7)
  2 gargoyles
  Psyche (D:10)
  3 kobold demonologists (D:10)
  A merfolk (D:10)
  4 trolls
  A hornet (D:7)
  16 yaks
  A shadow (D:9)
  A vampire (D:9)
  4 wyverns
  5 wraiths
  Grum (D:10)
  3 fire elementals (D:12)
  Eustachio (D:6)
  3 wargs (D:9)
  Menkaure (D:7)
  Edmund (D:6)
  An acid dragon (D:12)
  2 hell hounds (D:12)
  3 water moccasins
  9 orc warriors
  2 black bears
  2 ice beasts
  5 ogres
  2 wolves (D:10)
  2 centaurs
  4 kobold brigands
  4 bullfrogs
  6 necrophages
  4 gnoll sergeants
  2 scorpions
  10 wights
  10 killer bees (D:10)
  3 howler monkeys
  3 boudas
  5 hounds
  5 jellies
  10 orc priests
  Jessica (D:2)
  3 iguanas
  15 orc wizards
  11 adders
  18 gnolls
  2 white imps
  An ufetubus (D:4)
  4 worms (D:2)
  2 dart slugs
  46 orcs
  4 ball pythons
  7 bats
  4 endoplasms
  3 giant cockroaches
  7 goblins
  8 hobgoblins
  3 jackals (D:5)
  18 kobolds
  4 quokkas
  A frilled lizard (D:1)
  7 rats
  A spectral goblin (D:1)
320 creatures vanquished.

Vanquished Creatures (others)
  3 plants (D:9)
3 creatures vanquished.

Grand Total: 323 creatures vanquished

Notes
Turn   | Place    | Note
-------+----------+-------------------------------------------
     0 | D:1      | Bnni the Demonspawn Fighter began the quest for the Orb.
     0 | D:1      | Reached XP level 1. HP: 18/18 MP: 1/1
   203 | D:1      | Gained mutation: When seriously injured, your blood forms
                  | armour. (AC +6) [demonic ancestry]
   203 | D:1      | Reached XP level 2. HP: 24/24 MP: 2/2
   578 | D:1      | Found a faded altar of an unknown god.
  1171 | D:2      | Gained mutation: You have a pair of small antennae on your
                  | head. [demonic ancestry]
  1171 | D:2      | Reached XP level 3. HP: 18/29 MP: 3/3
  1291 | D:2      | Noticed a scorpion
  1302 | D:2      | Killed a scorpion
  1303 | D:2      | Gained mutation: You sometimes gain a little power by
                  | taking damage. [demonic ancestry]
  1303 | D:2      | Reached XP level 4. HP: 12/35 MP: 4/4
  1597 | D:2      | Identified the +9 dagger of the Cursing Fox {vorpal,
                  | *Corrode rElec Str+2 SInv}
  1613 | D:2      | Noticed Jessica
  1618 | D:2      | Killed Jessica
  1629 | D:2      | Identified the +10 sling of the Muttering Gods {vorpal,
                  | rCorr}
  1690 | D:2      | Gained mutation: You have a pair of antennae on your head.
                  | [demonic ancestry]
  1690 | D:2      | Reached XP level 5. HP: 42/42 MP: 5/5
  2073 | D:3      | Found a snail-covered altar of Cheibriados.
  2073 | D:3      | Found a shadowy altar of Dithmenos.
  2391 | D:3      | Found a sparkling altar of Nemelex Xobeh.
  2599 | D:4      | Noticed an ogre
  2605 | D:3      | Killed an ogre
  2606 | D:3      | Reached skill level 2 in Ranged Weapons
  2729 | D:4      | Reached XP level 6. HP: 47/48 MP: 6/6
  2739 | D:4      | Reached skill level 3 in Ranged Weapons
  2754 | D:4      | Got the Compendium of Vitriolic Snow
  3161 | D:5      | Entered Level 5 of the Dungeon
  3161 | D:5      | Found a staircase to the Ecumenical Temple.
  3169 | Temple   | Entered the Ecumenical Temple
  3219 | Temple   | Became a worshipper of Warmaster Okawaru
  3246 | D:5      | Noticed a water moccasin
  3269 | D:5      | Reached XP level 7. HP: 49/55 MP: 7/7
  3316 | D:5      | Reached skill level 5 in Fighting
  3316 | D:5      | Reached skill level 4 in Ranged Weapons
  3529 | D:5      | Reached * piety under Okawaru
  3690 | D:5      | Reached skill level 5 in Ranged Weapons
  3964 | D:5      | Found a large runed translucent door.
  3964 | D:5      | Found a large runed translucent door.
  3968 | D:5      | Noticed a troll
  3981 | D:5      | Reached XP level 8. HP: 50/64 MP: 5/8
  3988 | D:5      | Reached skill level 6 in Ranged Weapons
  4304 | D:5      | Noticed a two-headed ogre
  4309 | D:5      | Killed a two-headed ogre
  4309 | D:5      | Reached ** piety under Okawaru
  4310 | D:5      | Reached skill level 7 in Ranged Weapons
  4317 | D:5      | Found a large runed translucent door.
  4317 | D:5      | Found a large runed translucent door.
  4345 | D:5      | Killed a troll
  4346 | D:5      | Reached XP level 9. HP: 44/72 MP: 6/9
  4352 | D:5      | Reached skill level 8 in Ranged Weapons
  4565 | D:5      | Found the +7 mace of Variability {chain chaos}
  4791 | D:6      | Noticed Edmund
  4799 | D:6      | Killed Edmund
  4799 | D:6      | Reached *** piety under Okawaru
  5353 | D:6      | Reached skill level 9 in Ranged Weapons
  5830 | D:6      | Noticed Eustachio
  5836 | D:6      | Killed Eustachio
  5975 | D:7      | Reached **** piety under Okawaru
  5990 | D:7      | Noticed Menkaure
  6012 | D:7      | Killed Menkaure
  6013 | D:7      | Reached skill level 10 in Ranged Weapons
  6230 | D:7      | Reached XP level 10. HP: 82/82 MP: 10/10
  6695 | D:7      | Noticed Maggie
  6702 | D:7      | Killed Maggie
  7032 | D:7      | Paralysed by a hornet for 3 turns
  7451 | D:8      | Noticed Maurice
  7451 | D:8      | Found Zallot's Magic Scroll Shoppe.
  7492 | D:7      | Reached ***** piety under Okawaru
  7531 | D:7      | Reached skill level 1 in Invocations
  7660 | D:8      | Noticed Gastronok
  7689 | D:8      | Killed Gastronok
  7690 | D:8      | Reached skill level 11 in Ranged Weapons
  7744 | D:8      | Bought a scroll of identify for 28 gold pieces
  7744 | D:8      | Bought a scroll of identify for 28 gold pieces
  7747 | D:8      | Bought a scroll of magic mapping for 49 gold pieces
  7804 | D:8      | Killed Maurice
  7886 | D:8      | Found Xiur's Assorted Antiques.
  7894 | D:8      | Bought a scroll of identify for 64 gold pieces
  7894 | D:8      | Bought a scroll of identify for 64 gold pieces
  7894 | D:8      | Bought a scroll of identify for 64 gold pieces
  7927 | D:8      | Reached XP level 11. HP: 81/90 MP: 14/14
  8088 | D:8      | Noticed Erica
  8119 | D:8      | Killed Erica
  8119 | D:8      | Reached ****** piety under Okawaru
  8120 | D:8      | Reached skill level 10 in Fighting
  8120 | D:8      | Reached skill level 5 in Invocations
  8200 | D:8      | Found Piut's Assorted Antiques.
  8207 | D:8      | Bought a scroll labelled BEAWAYT IQUAMP for 31 gold pieces
  8291 | D:8      | Found Pisann's Magic Scroll Shop.
  8300 | D:8      | Bought a scroll of identify for 28 gold pieces
  8300 | D:8      | Bought a scroll of identify for 28 gold pieces
  8300 | D:8      | Bought a scroll of identify for 28 gold pieces
  8436 | D:8      | Found Tiuskumej's Jewellery Shop.
  8616 | D:9      | Reached skill level 12 in Ranged Weapons
  8892 | D:9      | Found Ciur's Vocational Training.
  8942 | D:9      | Received a gift from Okawaru
  9404 | D:9      | Found a staircase to the Lair.
  9709 | D:10     | Entered Level 10 of the Dungeon
  9984 | D:10     | Noticed Grum
  9986 | D:10     | Received a gift from Okawaru
 10015 | D:10     | Killed Grum
 10269 | D:10     | Noticed Psyche
 10271 | D:10     | Killed Psyche
 10272 | D:10     | Reached skill level 13 in Ranged Weapons
 10663 | D:10     | Noticed Erolcha
 10667 | D:10     | Killed Erolcha
 10774 | D:10     | Found an ancient bone altar of Kikubaaqudgha.
 10780 | D:10     | Found a shimmering blue altar of Sif Muna.
 10781 | D:10     | Found a radiant altar of Vehumet.
 10784 | D:10     | Got Kikubaaqudgha's Volume of Stolen Souls
 10991 | D:10     | Found a staircase to the Orcish Mines.
 11293 | D:11     | Gained mutation: You sometimes gain power by taking damage.
                  | [demonic ancestry]
 11293 | D:11     | Reached XP level 12. HP: 100/100 MP: 18/18
 11349 | D:11     | Identified the +15 crystal plate armour of Bitterness
                  | {rPois} (Okawaru gifted it to you on level 11 of the
                  | Dungeon)
 11349 | D:11     | Received a gift from Okawaru
 12022 | D:12     | Found a sacrificial altar of Ru.
 12047 | D:12     | Noticed Azrael
 12085 | D:12     | HP: 3/100 [Azrael/damnation (21)]
 12087 | D:12     | Killed Azrael
 12438 | D:12     | Noticed Jorgrun
 12829 | D:12     | Constricted to death by Jorgrun

Illustrated notes

Levels and vault maps discovered:
D:1:      roderic_chinese_lattice_arrival, layout_basic,
          dreamdust_ecumenical_altar_drowned_temple
D:2:      layout_basic, kennysheep_generic_room_5, uniq_jessica
D:3:      layout_loops_ring, nicolae_overflow_quartered_altars
D:4:      layout_rooms, lemuel_crystal_altar
D:5:      layout_rooms, minmay_temple_entry_mini_moons,
          minmay_hollow_rounded_squares
D:6:      layout_loops_corners, minmay_misc_feat_diagonals, uniq_edmund,
          uniq_eustachio
D:7:      layout_layer_cave, uniq_menkaure, uniq_maggie
D:8:      layout_loops_cross, serial_shops, nicolae_lakefront_shop,
          nicolae_shop_behind_doors, nicolae_stop_n_shop_1,
          nicolae_shop_waterfront, shop_coins, uniq_gastronok, uniq_maurice,
          uniq_erica
D:9:      layout_basic, erik_lair_orcish_takeover, nicolae_shop_vocational
D:10:     layout_rooms, grunt_temple_overflow_magic_moments,
          kennysheep_orc_monster_closet_entryway, hangedman_stone_soup,
          nrook_mini_vaults, uniq_psyche, uniq_grum, uniq_erolcha
D:11:     layout_roguey, corexii_hall_statues_x
D:12:     layout_roguey, nicolae_ru_the_path_less_chosen, uniq_azrael,
          uniq_jorgrun
Temple:   eino_temple_water

Skill      XL: |  1  2  3  4  5  6  7  8  9 10 11 12 |
---------------+-------------------------------------+-----
Long Blades    | 2 3 |  3.2
Shields        | 3 4 |  4.0
Fighting       | 4 5 7 8 9 11 | 11.5
Ranged Weapons | 2 3 5 7 10 11 13 | 13.8
Invocations    | 4 8 9 |  9.0
Armour         | |  2.6

Action                   |  1- 3 |  4- 6 |  7- 9 | 10-12 || total
-------------------------+-------+-------+-------+-------++-------
Melee: Long sword        |    39 |       |       |       ||    39
       Short sword       |    48 |    17 |       |       ||    65
       Dagger            |       |     1 |       |       ||     1
       Scimitar          |       |       |       |    62 ||    62
 Fire: Sling             |       |    97 |   228 |   248 ||   573
       Hand crossbow     |       |       |       |   283 ||   283
Throw: Throwing net      |       |       |       |     2 ||     2
       Dart              |       |       |       |     1 ||     1
Invok: Heroism           |       |       |     2 |     4 ||     6
       Finesse           |       |       |       |     2 ||     2
  Use: Potion            |       |     2 |     2 |     4 ||     8
       Scroll            |       |     2 |     7 |    15 ||    24
Armor: Scale mail        |    62 |    22 |    19 |       ||   103
       Acid dragon scale |       |       |    19 |    53 ||    72
       Crystal plate arm |       |       |       |   121 ||   121
Dodge: Dodged            |    36 |    21 |    43 |    93 ||   193
Block: Buckler           |    23 |     8 |    24 |    87 ||   142

Table legend: (Time is in decaauts)
 A = Elapsed time spent in this place.
 B = Non-inter-level travel time spent in this place.
 C = Inter-level travel time spent in this place.
 D = Time resting spent in this place.
 E = Time spent auto-exploring this place.
 F = Levels seen in this place.
 G = Mean time per level.
                   A        B        C        D        E       F      G
               +--------+--------+--------+--------+--------+-----+--------+
         Total |  13024 |  12677 |    347 |   1198 |   9157 |  13 | 1001.8 |
       Dungeon |  12956 |  12646 |    310 |   1198 |   9156 |  12 | 1079.7 |
        Temple |     67 |     30 |     37 |      0 |      1 |   1 |   67.0 |
               +--------+--------+--------+--------+--------+-----+--------+

Top non-repeatable levels by time:
     D:7: 1613 daAuts
     D:5: 1508 daAuts
     D:9: 1395 daAuts
    D:10: 1288 daAuts
     D:6: 1229 daAuts
    D:11: 1155 daAuts
     D:1: 1045 daAuts
     D:8: 962 daAuts
     D:2: 960 daAuts
     D:3: 647 daAuts
     D:4: 577 daAuts
    D:12: 574 daAuts
  Temple: 67 daAuts
